 Dungeon Crawl Stone Soup version 0.14-a0-1817-gb992dfe (webtiles) character file.

136 HollowCharge the Covered (level 4, -1/33 HPs)
             Began as a Formicid Fighter on Jan 9, 2014.
             Slain by a gnoll
             ... wielding a +0,+0 spear
              (5 damage)
             ... on Level 3 of the Dungeon.
             The game lasted 00:09:12 (1692 turns).

HollowCharge the Covered (Formicid Fighter)         Turns: 1692, Time: 00:09:14

HP  -1/33        AC  8     Str 22      XL: 4   Next: 10%
MP   4/4         EV  7     Int  7      God:
Gold 92          SH 19     Dex 10      Spells:  0 memorised,  3 levels left

rFire  . . .     SeeInvis +     a - +0 mace
rCold  . . .     Clarity  .     o - +1 dwarf ring mail
rNeg   + . .     Conserve .     c - +0 shield
rPois  x         rCorr    .     (helmet unavailable)
rElec  .         rRot     .     (no cloak)
SustAb . .       Spirit   .     (no gloves)
rMut   .         Warding  .     (no boots)
Saprov . . .     Stasis   +     (no amulet)
                                p - ring of sustenance
                                i - ring of positive energy

@: slightly resistant to hostile enchantments, extremely unstealthy
A: permanent stasis, dig shafts and tunnels, four strong arms, poison weakness,
antennae 3, exoskeleton 1
a: Dig, Shaft Self


You were on level 3 of the Dungeon.
You were very hungry.

You visited 1 branch of the dungeon, and saw 3 of its levels.

You collected 92 gold pieces.

Inventory:

Hand weapons
 a - a +0,+0 mace (weapon)
 h - a +1,+0 whip
Armour
 c - a +0 shield (worn)
 o - a +1 dwarven ring mail (worn)
Comestibles
 d - a bread ration
 m - a meat ration
Scrolls
 e - a scroll of remove curse {unknown}
Jewellery
 i - a ring of positive energy (left hand)
 p - a ring of sustenance (right hand)
Potions
 b - a potion of cure mutation {unknown}
 f - a potion of restore abilities {unknown}
 g - a potion of degeneration {unknown}
 j - a potion of paralysis {unknown}
 k - a potion of blood
 l - a potion of might {unknown}
 n - 3 potions of speed {unknown}


   Skills:
 + Level 3.2 Fighting
 + Level 2.8 Maces & Flails
 + Level 4.1 Armour
 + Level 3.4 Shields


You had 3 spell levels left.
You didn't know any spells.

Dungeon Overview and Level Annotations

Branches:
Dungeon (3/16)

Altars:


Innate Abilities, Weirdness & Mutations

Your are under a permanent stasis effect.
You can dig through walls and to a lower floor.
Your four strong arms can wield any weapon, most with a shield.
You are susceptible to poison.
You have a pair of large antennae on your head (SInv).
Your body is surrounded by an exoskeleton. (HP +5, AC +1)


Message History

A gnoll comes into view. It is wielding a flail.
The gnoll shouts! 2 gnolls come into view.
The gnoll shouts!
Found a scroll labeled FRACA PNACW.
You block the gnoll's attack. The gnoll hits you but does no damage.
You block the gnoll's attack. The gnoll hits you with a flail!
You closely miss the gnoll. You block the gnoll's attack.
The gnoll closely misses you. You block the gnoll's attack.
The gnoll closely misses you. The gnoll hits you.
You hit the gnoll.
The gnoll is heavily wounded.
The gnoll hits you with a flail!
* * * LOW HITPOINT WARNING * * *
The gnoll hits you.
* * * LOW HITPOINT WARNING * * *
The gnoll hits you with a spear.
You die...

#..........# #......+..#
#..#######.##########...##.#
#..#.......................#
#..##.####.######...########
##......#............#
#.......#............#
#.......#............#
#.......#............#
+.......#.......@g...+
#.......#......gg....#
#.......#............#
........#............#
........#..............
........#.######.......
........#. #.?.... ........#
###### ...


You could see 3 gnolls.

Vanquished Creatures
  An adder (D:2)
  3 giant geckos
  2 giant cockroaches (D:2)
  3 hobgoblins
  4 kobolds
  7 bats
  2 giant newts
  6 goblins
  6 rats
34 creatures vanquished.

Notes
Turn   | Place    | Note
--------------------------------------------------------------
     0 | D:1      | HollowCharge, the Formicid Fighter, began the quest for the Orb.
     0 | D:1      | Reached XP level 1. HP: 19/19 MP: 1/1
    67 | D:1      | Reached XP level 2. HP: 24/24 MP: 2/2
   604 | D:2      | Reached XP level 3. HP: 28/28 MP: 3/3
   895 | D:2      | Reached skill level 4 in Armour
  1098 | D:2      | Reached XP level 4. HP: 33/33 MP: 4/4
  1692 | D:3      | Slain by a gnoll

Action                   |  1- 3 |  4- 6 || total
-------------------------+-------+-------++-------
Melee: Mace              |    70 |    21 ||    91
       Whip              |     8 |       ||     8
  Use: Scroll            |       |     4 ||     4
